 Dungeon Crawl Stone Soup version 0.31.0-11-ge490571c62 (webtiles) character file.

Game seed: 440322252469824152

200074 Pooter the Severer (level 18, -1/226 HPs)
             Began as a Minotaur Berserker on Jan 29, 2024.
             Was an Elder of Trog.
             Constricted to death by an anaconda (2 damage)
             ... on level 4 of the Snake Pit on Feb 2, 2024.
             The game lasted 03:21:58 (52182 turns).

Pooter the Severer (Minotaur Berserker)            Turns: 52182, Time: 03:21:58

Health: -1/226     AC: 26    Str: 32    XL:     18   Next: 26%
Magic:  0/17       EV: 11    Int:  6    God:    Trog [****..]
Gold:   245        SH:  0    Dex: 18    Spells: 17/17 levels left

rFire   + . .        a - +7 battleaxe "Butusor" {heavy, Fly rN++}
rCold   + . .        (shield currently unavailable)
rNeg    + + .        O - +4 plate armour {rF+}
rPois   +            H - +0 mask of the Dragon {Will+ Slay+3 SInv}
rElec   .            W - scarf {repulsion}
rCorr   +            K - +0 pair of gloves of Goprass {rPois rC+ rCorr}
SInv    +            I - +0 pair of boots {Stlth+}
Will    ++++.        G - amulet of guardian spirit Stlth
                     M - +6 ring of dexterity
HPRegen 1.57/turn    J - +6 ring of strength
MPRegen 0.15/turn

%: repel missiles, guardian spirit
@: berserking, lethally poisoned (-1 -> -1), about to teleport, weakened,
strong-willed, flying, regenerating, constricted, very quick
A: horns 2, retaliatory headbutt, frail 1
a: Renounce Religion, Berserk, Trog's Hand, Brothers in Arms


You were on level 4 of the Snake Pit.
You worshipped Trog.
Trog was greatly pleased with you.
You visited 4 branches of the dungeon, and saw 26 of its levels.
You also visited: Sewer, Bailey and Ice Cave.

You collected 3421 gold pieces.
You spent 3176 gold pieces at shops.

Inventory:

Hand Weapons
 a - the +7 battleaxe "Butusor" (weapon) {heavy, Fly rN++}
   (Trog gifted it to you in an ice cave)

   rN++:      It greatly protects you from negative energy.
   Fly:       It grants you flight.
 b - a +4 arbalest of draining
   (You took it off a kobold blastminer on level 2 of the Orcish Mines)
 e - a +5 battleaxe of electrocution
   (You took it off Rupert on level 14 of the Dungeon)
 l - a +1 antimagic executioner's axe
   (Trog gifted it to you on level 12 of the Dungeon)
 s - a +2 spectral demon whip
   (You took it off Asterion on level 2 of the Snake Pit)
Missiles
 g - 17 atropa-tipped darts
 k - 5 javelins
 y - 5 darts of dispersal {!f}
 A - 25 boomerangs (quivered)
 V - 10 curare-tipped darts
Armour
 H - the +0 mask of the Dragon (worn) {Will+ Slay+3 SInv}
   (You found it on level 14 of the Dungeon)

   Slay+3:    It affects your accuracy & damage with ranged weapons and melee
   (+3).
   Will+:     It increases your willpower.
   SInv:      It lets you see invisible.
 I - a +0 pair of boots of stealth (worn)
   (You bought it in a shop on level 2 of the Orcish Mines)
 K - the +0 pair of gloves of Goprass (worn) {rPois rC+ rCorr}
   (You bought it in a shop on level 6 of the Dungeon)

   rC+:       It protects you from cold.
   rPois:     It protects you from poison rCorr: It protects you from acid and
   corrosion.
 O - a +4 plate armour of fire resistance (worn)
   (You took it off an orc warrior on level 1 of the Orcish Mines)
 R - a +3 plate armour of poison resistance
   (You took it off an orc warrior on level 6 of the Dungeon)
 W - a scarf of repulsion (worn)
   (You bought it in a shop on level 6 of the Dungeon)
Jewellery
 o - a ring of flight
   (You bought it in a shop on level 7 of the Dungeon)
 v - an amulet of the acrobat
   (You found it on level 4 of the Dungeon)
 w - the ring of Ramey {rElec Will+}
   (You bought it in a shop on level 7 of the Dungeon)

   [ring of willpower]

   rElec:     It insulates you from electricity.
   Will+:     It increases your willpower.
 E - a ring of fire
   (You found it on level 5 of the Lair of Beasts)
 G - an amulet of guardian spirit (around neck)
   (You found it on level 5 of the Lair of Beasts)
 J - a +6 ring of strength (right hand)
   (You found it on level 6 of the Dungeon)
 M - a +6 ring of dexterity (left hand)
   (You found it on level 13 of the Dungeon)
 Y - a ring of ice
   (You took it off Fannar on level 11 of the Dungeon)
Wands
 d - a wand of iceblast (5)
   (You found it on level 10 of the Dungeon)
 f - a wand of flame (8)
   (You found it on level 1 of the Lair of Beasts)
 r - a wand of polymorph (4)
   (You found it in an ice cave)
 D - a wand of digging (16)
   (You found it on level 4 of the Dungeon)
 L - a wand of quicksilver (6)
   (You took it off Maurice on level 7 of the Dungeon)
 Q - a wand of mindburst (14)
   (You bought it in a shop on level 2 of the Orcish Mines)
 X - a wand of charming (10)
   (You found it on level 9 of the Dungeon)
Scrolls
 c - 4 scrolls of vulnerability {!r}
 i - a scroll of brand weapon
 j - 4 scrolls of fog
 m - a scroll of summoning
 q - 4 scrolls of revelation
 t - 4 scrolls of teleportation {@r4}
 u - 2 scrolls of fear
 C - a scroll of blinking
 F - 3 scrolls of silence
 T - 6 scrolls of immolation {!r}
Potions
 h - a potion of curing {@q1}
 p - 3 potions of resistance
 x - a potion of attraction {!q}
 z - 4 potions of mutation {!q}
 B - 5 potions of heal wounds {@q2}
 N - a potion of haste {@q3}
 P - 6 potions of enlightenment
 U - a potion of cancellation
 Z - 2 potions of invisibility
Miscellaneous
 n - a sack of spiders
   (You found it on level 4 of the Snake Pit)
 S - a condenser vane
   (You found it on level 3 of the Snake Pit)


   Skills:
 + Level 16.8 Fighting
 - Level 20.5 Axes
 + Level 17.6 Ranged Weapons
 - Level 2.7 Throwing
 + Level 18.6 Armour
 + Level 10.1 Dodging
 + Level 6.5 Stealth
 + Level 9.6 Evocations


You had 17 spell levels left.
You didn't know any spells.
Your spell library was empty.

Dungeon Overview and Level Annotations

Branches:
Dungeon (15/15) Zot: 24896  Temple (0/1) D:7            Lair (5/5) D:11 Zot: 19871
  Swamp (0/4) Lair:2        Snake (4/4) Lair:2 Zot: 11211   Slime (0/5) Lair:4
    Orc (2/2) D:9 Zot: 4259     Elf (0/3) Orc:2        Vaults (0/5) D:13
 Depths (0/4) D:15          Sewer (visited)          Bailey (visited)
  IceCv (visited)

Altars:
Ashenzari
Nemelex Xobeh
Qazlal
Trog
Uskayaw
Vehumet
Wu Jian
Yredelemnul
Zin
The Shining One
Jiyva

Shops:
D:6 [[[[   D:7 =   D:10 *   Orc:2 [*([   Snake:3 ***:

Annotations:
Snake:2 Vashnia


Innate Abilities, Weirdness & Mutations

You have a pair of horns on your head.
You reflexively headbutt those who attack you in melee.
You are frail. (-10% HP)


Message History

The anaconda completely misses you. The anaconda constricts you.
* * * LOW HITPOINT WARNING * * *
The naga warrior hits you from afar with a +1 heavy halberd!!
* * * LOW MAGIC WARNING * * *
* * * LOW HITPOINT WARNING * * *
A nagaraja comes into view. It is wielding a +0 club.
The naga warrior hits you with a +0 glaive!
* * * LOW MAGIC WARNING * * *
* * * LOW HITPOINT WARNING * * *
The naga spits poison at you.
The splash of poison is repelled.
The splash of poison hits the anaconda!
A nagaraja comes into view. It is wielding a +0 club.
The anaconda bites you!
* * * LOW HITPOINT WARNING * * *
The anaconda bites you but does no damage.
The nagaraja points at you and mumbles some strange words.
The poison arrow misses you.
The poison arrow hits the naga warrior!
The naga warrior partially resists.
The naga warrior is poisoned.
The naga warrior dies!
The anaconda barely misses you. You furiously retaliate!
You headbutt the anaconda!! The anaconda constricts you.
You completely miss the anaconda. You closely miss the anaconda.
You closely miss the nagaraja. You hit the naga. You barely miss the anaconda.
You feel sick.
The nagaraja no longer looks unusually strong.
The naga no longer looks unusually strong.
The anaconda barely misses you. x2; The naga hits you with a +0 scimitar!
* * * LOW HITPOINT WARNING * * *
The anaconda bites you but does no damage.
The anaconda constricts you.
The nagaraja points at you and mumbles some strange words.
You resist with almost no effort.
The nagaraja casts a spell.
The nagaraja seems to speed up.
The guardian serpent hits you but does no damage.
The anaconda bites you.
* * * LOW MAGIC WARNING * * *
* * * LOW HITPOINT WARNING * * *
Unknown command.
You slash the guardian serpent! You slice the naga!!
You kill the naga!
Trog accepts your kill.
You completely miss the anaconda. You slash the anaconda!
You kill the anaconda!
Trog accepts your kill.
You slash the anaconda! You closely miss the nagaraja.
You feel sick. The anaconda grabs you.
The anaconda bites you but does no damage.
The anaconda constricts you.
You die...

#.###.#....#......#
#.#####.##.##.....###
#.......#....<......#
################.)#.#
##..## ##[..# ##....#
##[## ##...).#####)#
#.SN))..##..)#
#?†@#)).#..[)#
#.SS##..#.).)#
..NN.###..#.)).#####
.⌠..N.. #..#).).....#
....... #..#..#.....#
....#.#
#..#..#.....###
...###
#..#.(#........ ...
#.....##.......
##....###......


You could see 2 nagarajas, a naga warrior (strong, drained), a salamander tyrant
(strong), 2 anacondas and a guardian serpent.

Vanquished Creatures
  Mara (Snake:3)
  Nikola (Snake:3)
  Rupert (D:14)
  Asterion (Snake:2)
  Aizul (Snake:4)
  Roxanne (D:14)
  6 nagarajas
  A fire dragon (D:13)
  Josephine (D:14)
  A vault guard (D:13)
  6 hydras
  Fannar (D:11)
  A catoblepas (Lair:3)
  3 salamander tyrants
  5 centaur warriors
  3 boulder beetles
  4 two-headed ogres
  13 anacondas
  11 death yaks
  A tengu warrior (D:14)
  11 naga warriors
  6 orc high priests
  A deep troll earth mage (D:15)
  6 shock serpents
  18 naga sharpshooters
  4 skysharks
  Sonja (Orc:1)
  5 skeletal warriors (D:13)
  3 salamander mystics
  7 mana vipers
  2 spriggan druids (Lair:2)
  3 arcanists
  A necromancer (IceCv)
  12 orc knights
  6 naga ritualists
  A wolf spider (D:15)
  A harpy (shapeshifter) (D:13)
  18 salamanders
  An orc sorcerer (Orc:1)
  3 deep elf pyromancers (D:15)
  7 cyclopes
  17 ugly things
  5 oklob plants
  A kobold blastminer (Orc:2)
  6 manticores
  Maurice (D:7)
  38 black mambas
  An ice statue (IceCv)
  23 elephants
  6 meliai
  8 guardian serpents
  3 torpor snails
  2 gargoyles
  A cane toad (shapeshifter) (D:15)
  25 naga magi
  7 rime drakes
  11 cane toads
  Jeremiah (D:8)
  3 freezing wraiths
  An unseen horror (D:12)
  A yaktaur (D:15)
  An efreet (D:15)
  3 anaconda simulacra (IceCv)
  13 ice devils (IceCv)
  8 komodo dragons
  Psyche (D:12)
  6 polar bears
  6 trolls
  Prince Ribbit (D:8)
  13 blink frogs
  A raiju (shapeshifter) (D:13)
  6 hornets
  3 dream sheep (Lair:5)
  13 slime creatures
  A blink frog (shapeshifter) (D:15)
  A wyvern (Lair:4)
  5 shadows
  13 spriggans (Lair:5)
  5 water elementals (D:13)
  A vampire (D:11)
  5 wraiths (D:14)
  2 dire elephant simulacra (IceCv)
  3 basilisks
  82 yaks
  5 steam dragons
  3 vampire mosquitoes (D:12)
  2 wargs
  A death yak simulacrum (IceCv)
  48 nagas
  2 harpy simulacra (IceCv)
  A hydra simulacrum (IceCv)
  21 water moccasins
  2 acid dragons
  Duvessa (D:6)
  40 orc warriors
  3 black bears
  A tengu (D:8)
  2 crocodiles
  6 ogres
  35 wolves
  4 boggarts (Lair:5)
  8 centaurs
  A weeping skull (D:5)
  2 phantoms
  2 kobold brigands
  Blork the orc (D:5)
  A brain worm (Sewer)
  17 bullfrogs
  5 cane toad simulacra (IceCv)
  2 gnoll sergeants
  2 scorpions (D:11)
  Dowan (D:6)
  4 elephant simulacra (IceCv)
  3 howler monkeys
  4 electric eels
  5 hounds
  A bombardier beetle (D:4)
  3 gnoll boudas
  27 orc priests
  2 jellies (D:5)
  Ijyb (D:4)
  3 iguanas
  16 orc wizards
  2 spriggan simulacra (IceCv)
  5 hell rats (Lair:1)
  A troll simulacrum (IceCv)
  5 polar bear simulacra (IceCv)
  5 wolf simulacra (IceCv)
  Robin (D:2)
  28 gnolls
  13 adders
  A shadow imp (D:7)
  A white imp (IceCv)
  6 ufetubi
  4 ribbon worms
  2 dart slugs
  60 orcs
  8 ball pythons
  17 bats
  3 endoplasms (D:3)
  5 giant cockroaches
  18 goblins
  14 hobgoblins
  4 jackals (D:1)
  6 quokkas
  A frilled lizard (D:2)
  10 kobolds
  4 rats
  A spectral orc (D:5)
  2 spectral weapons
1049 creatures vanquished.

Vanquished Creatures (collateral kills)
  An orc sorcerer (Orc:1)
  A naga (Snake:2)
2 creatures vanquished.

Vanquished Creatures (others)
  A naga warrior (Snake:4)
  A spriggan (Lair:5)
  A goblin (D:4)
3 creatures vanquished.

Grand Total: 1054 creatures vanquished

Notes
Turn   | Place    | Note
-------+----------+-------------------------------------------
     0 | D:1      | Pooter the Minotaur Berserker began the quest for the Orb.
     0 | D:1      | Reached XP level 1. HP: 19/19 MP: 0/0
   108 | D:1      | Reached XP level 2. HP: 20/27 MP: 1/1
   111 | D:1      | Reached skill level 4 in Axes
   359 | D:1      | Reached skill level 1 in Ranged Weapons
   823 | D:1      | Reached ** piety under Trog
   869 | D:2      | Reached skill level 1 in Throwing
   869 | D:2      | Reached XP level 3. HP: 29/33 MP: 2/2
   918 | D:2      | Noticed Robin
   945 | D:2      | Reached XP level 4. HP: 39/40 MP: 3/3
   948 | D:2      | Killed Robin
  1081 | D:2      | Reached skill level 5 in Axes
  1321 | D:2      | Found a stormy altar of Qazlal.
  1706 | D:3      | Reached XP level 5. HP: 47/47 MP: 4/4
  1900 | D:3      | Reached *** piety under Trog
  2251 | D:4      | Noticed Ijyb
  2336 | D:4      | Killed Ijyb
  2645 | D:4      | Reached XP level 6. HP: 55/55 MP: 5/5
  2649 | D:4      | Reached skill level 5 in Fighting
  2650 | D:4      | Reached skill level 6 in Axes
  2975 | D:4      | Identified the +1 scale mail of Disguise {Str+4 Int+3}
  3178 | D:4      | Reached XP level 7. HP: 46/61 MP: 6/6
  3342 | D:4      | Reached skill level 7 in Axes
  3450 | D:5      | Entered Level 5 of the Dungeon
  3461 | D:5      | Noticed Blork the orc
  3473 | D:5      | Killed Blork the orc
  3549 | D:5      | Noticed a steam dragon
  3560 | D:5      | Killed a steam dragon
  3862 | D:5      | Reached skill level 8 in Axes
  3923 | D:5      | Reached XP level 8. HP: 71/71 MP: 7/7
  4143 | D:5      | Reached skill level 9 in Axes
  4143 | D:5      | Reached skill level 5 in Ranged Weapons
  4386 | D:5      | Found a bloodstained altar of Trog.
  4511 | D:5      | Found a basalt altar of Yredelemnul.
  4589 | D:6      | Noticed a troll
  4648 | D:6      | Found a glowing drain.
  4652 | Sewer    | Entered a sewer
  6017 | D:6      | Reached skill level 10 in Axes
  6211 | D:6      | Reached XP level 9. HP: 57/81 MP: 8/8
  6975 | D:6      | Reached skill level 11 in Axes
  7014 | D:6      | Found Omumeall's Armour Shoppe.
  7025 | D:6      | Found Riny's Antique Armour Shoppe.
  7026 | D:6      | Found Doxt's Antique Armour Shoppe.
  7027 | D:6      | Found Voujiari's Armour Shoppe.
  7045 | D:6      | Bought the +0 pair of gloves of Goprass {rPois rC+ rCorr}
                  | for 339 gold pieces
  7171 | D:6      | Found an ornate altar of the Wu Jian Council.
  7171 | D:6      | Noticed Duvessa
  7171 | D:6      | Noticed Dowan
  7175 | D:6      | Killed Duvessa
  7347 | D:6      | Killed Dowan
  7444 | D:7      | Found a staircase to the Ecumenical Temple.
  7459 | D:7      | Found Yhoithup's Jewellery Boutique.
  7483 | D:7      | Noticed Maurice
  7494 | D:7      | Something stole a +0 sling
  7497 | D:7      | Something stole 15 boomerangs
  7499 | D:7      | Something stole a +0 buckler
  7503 | D:7      | Something stole 57 gold
  7504 | D:7      | Killed Maurice
  7552 | D:7      | Found a flagged portal.
  7569 | Bailey   | Entered a bailey
  7901 | Bailey   | Reached skill level 5 in Armour
  8116 | D:7      | Found a glowing silver altar of Zin.
  8130 | D:7      | Found a glowing golden altar of the Shining One.
  8136 | D:7      | Noticed Maggie
  8137 | D:7      | Maggie changed into Maggie the crocodile
  8137 | D:7      | Noticed Maggie
  8145 | D:7      | Killed Maggie the crocodile
  8532 | D:8      | Noticed Jeremiah
  8542 | D:8      | Reached skill level 12 in Axes
  8547 | D:8      | Killed Jeremiah
  8548 | D:8      | Reached XP level 10. HP: 60/90 MP: 9/9
  8842 | D:8      | Identified the +5 quarterstaff of Spontaneous Combustion
                  | {venom, Dex+5}
  9105 | D:8      | Noticed Prince Ribbit
  9116 | D:8      | Killed Prince Ribbit
  9298 | D:8      | Found a stormy altar of Qazlal.
  9584 | D:9      | Noticed a two-headed ogre
  9588 | D:9      | Found a staircase to the Orcish Mines.
  9591 | D:9      | Killed a two-headed ogre
  9592 | D:9      | Reached skill level 13 in Axes
  9754 | D:9      | Reached skill level 10 in Fighting
 10421 | D:9      | Noticed a four-headed hydra
 10430 | D:9      | Killed a four-headed hydra
 10431 | D:9      | Reached XP level 11. HP: 81/100 MP: 10/10
 10650 | D:10     | Entered Level 10 of the Dungeon
 10737 | D:7      | Bought a ring of see invisible for 180 gold pieces
 10986 | D:10     | Found a radiant altar of Vehumet.
 10997 | D:10     | Reached skill level 14 in Axes
 11033 | D:10     | Found a hide-covered altar of Uskayaw.
 11140 | D:10     | Noticed a two-headed ogre
 11145 | D:10     | Killed a two-headed ogre
 11270 | D:10     | Found Hulyz's Profane Products.
 11482 | D:10     | Found a broken altar of Ashenzari.
 11482 | D:10     | Found a sparkling altar of Nemelex Xobeh.
 11529 | D:10     | Noticed a two-headed ogre
 11539 | D:10     | Killed a two-headed ogre
 11540 | D:10     | Reached skill level 10 in Armour
 11733 | D:10     | Reached skill level 15 in Axes
 11733 | D:10     | Reached skill level 10 in Ranged Weapons
 11733 | D:10     | Reached XP level 12. HP: 108/108 MP: 11/11
 11807 | Orc:1    | Entered Level 1 of the Orcish Mines
 11812 | Orc:1    | Noticed an orc high priest
 11824 | Orc:1    | Killed an orc high priest
 11825 | Orc:1    | Reached skill level 16 in Axes
 11936 | Orc:1    | Paralysed by an orc sorcerer for 2 turns
 11940 | Orc:1    | Reached **** piety under Trog
 12328 | Orc:1    | Noticed Sonja
 12333 | Orc:1    | Paralysed by an orc sorcerer for 2 turns
 12356 | Orc:1    | Killed Sonja
 12610 | Orc:2    | Entered Level 2 of the Orcish Mines
 13072 | D:6      | Bought a glowing scarf for 224 gold pieces
 13706 | Orc:2    | Found a staircase to the Elven Halls.
 14720 | Orc:2    | Reached skill level 17 in Axes
 14976 | Orc:2    | Noticed an orc high priest
 14983 | Orc:2    | Killed an orc high priest
 14984 | Orc:2    | Reached XP level 13. HP: 105/117 MP: 12/12
 18140 | Orc:2    | Gained mutation: You are frail. (-10% HP) [a neqoxec]
 19166 | Orc:2    | Found Danuoseo's Assorted Antiques.
 19166 | Orc:2    | Found Ryostraos's Armour Shop.
 19167 | Orc:2    | Found Meadad's Antique Armour Shop.
 19167 | Orc:2    | Found Adiowait's Antique Weapon Boutique.
 19451 | D:11     | Noticed Fannar
 19467 | D:11     | Killed Fannar
 20047 | D:11     | Found a staircase to the Lair.
 20289 | Lair:1   | Entered Level 1 of the Lair of Beasts
 20377 | Lair:1   | Reached skill level 18 in Axes
 21363 | Lair:1   | You fall into a shaft and drop 1 floor!
 22229 | Lair:2   | Identified the +6 scale mail "Icoovini" {*Slow rF+ rN+}
 22247 | Lair:2   | Identified a scroll of acquirement
 22247 | Lair:2   | Acquired 1151 gold pieces
 22252 | Lair:2   | Reached XP level 14. HP: 113/114 MP: 13/13
 22488 | Lair:2   | Found a staircase to the Snake Pit.
 22980 | Lair:2   | Found a staircase to the Swamp.
 23542 | Lair:3   | Reached skill level 19 in Axes
 23940 | Orc:2    | Bought a wooden wand for 152 gold pieces
 23940 | Orc:2    | Bought a large bronze amulet for 190 gold pieces
 23942 | Orc:2    | Bought a scroll of identify for 76 gold pieces
 24125 | D:7      | Bought a ring of flight for 210 gold pieces
 25811 | Lair:3   | Identified the +0 flail of Wariness {venom, Int+5 Dex-4
                  | SInv}
 25892 | Lair:2   | Reached skill level 5 in Evocations
 26861 | Lair:4   | Found a viscous altar of Jiyva.
 26864 | Lair:4   | Found a staircase to the Slime Pits.
 27677 | Lair:4   | Reached ***** piety under Trog
 27873 | Lair:5   | Entered Level 5 of the Lair of Beasts
 27915 | Lair:5   | Reached XP level 15. HP: 123/123 MP: 14/14
 27961 | Lair:5   | Found a frozen archway.
 27977 | IceCv    | Entered an ice cave
 27981 | IceCv    | Identified the +7 battleaxe "Butusor" {heavy, Fly rN++}
                  | (Trog gifted it to you in an ice cave)
 27981 | IceCv    | Received a gift from Trog
 29782 | IceCv    | Found an ancient bone altar of Kikubaaqudgha.
 29799 | IceCv    | Reached skill level 20 in Axes
 29979 | IceCv    | Reached skill level 15 in Ranged Weapons
 30329 | Lair:5   | Reached skill level 5 in Dodging
 32891 | Orc:2    | Bought a pair of runed gloves for 277 gold pieces
 32891 | Orc:2    | Bought a pair of runed boots for 277 gold pieces
 33356 | D:12     | Reached skill level 15 in Armour
 33365 | D:12     | Received a gift from Trog
 33913 | D:12     | Reached skill level 1 in Stealth
 33980 | D:12     | Noticed Psyche
 33986 | D:12     | Killed Psyche
 34918 | D:13     | Reached XP level 16. HP: 96/132 MP: 1/15
 35986 | D:13     | Found a gate to the Vaults.
 36062 | D:14     | Reached skill level 15 in Fighting
 36420 | D:14     | Noticed Roxanne
 36756 | D:14     | Noticed Josephine
 36771 | D:14     | Killed Josephine
 36807 | D:14     | Noticed Rupert
 36807 | D:14     | Found the +0 mask of the Dragon {Will+ Slay+3 SInv}
 36807 | D:14     | Paralysed by Rupert for 2 turns
 36820 | D:14     | Killed Rupert
 36820 | D:14     | Received a gift from Trog
 36977 | D:14     | Identified the +2 robe "Suediav" {rPois}
 37145 | D:14     | Killed Roxanne
 37168 | D:15     | Entered Level 15 of the Dungeon
 37251 | D:15     | Found a sparkling altar of Nemelex Xobeh.
 37485 | D:15     | Identified the serpent talisman "Yvixtasch" {Will+}
 38018 | D:15     | Found a staircase to the Depths.
 39044 | Snake:1  | Entered Level 1 of the Snake Pit
 40052 | D:7      | Bought the ring of Ramey {rElec Will+} for 468 gold pieces
 40698 | Snake:1  | Found a radiant altar of Vehumet.
 41150 | Snake:1  | Reached XP level 17. HP: 141/141 MP: 16/16
 41685 | Snake:2  | Noticed Asterion
 41692 | Snake:2  | Killed Asterion
 41826 | Snake:2  | Noticed Vashnia
 41839 | Snake:2  | HP: 5/142 [Vashnia/bolt (23)]
 44345 | Snake:3  | Noticed Nikola
 44353 | Snake:3  | Killed Nikola
 44677 | Snake:3  | Reached skill level 5 in Stealth
 45338 | Snake:3  | Noticed Mara
 45367 | Snake:3  | Received a gift from Trog
 45574 | Snake:3  | Noticed Pooter's illusion
 45581 | Snake:3  | Killed Mara
 46040 | Snake:3  | Found Xolluov's Assorted Antiques.
 46040 | Snake:3  | Found Kylo's General Store.
 46042 | Snake:3  | Found Jezyeb's Assorted Antiques.
 46197 | Snake:3  | Found Vufaeph's Book Shop.
 46210 | Snake:3  | Bought a scroll of teleportation for 51 gold pieces
 46210 | Snake:3  | Bought a scroll of revelation for 127 gold pieces
 46210 | Snake:3  | Bought a potion of mutation for 136 gold pieces
 46219 | Snake:3  | Bought a scroll of brand weapon for 294 gold pieces
 46223 | Snake:3  | Bought a glowing brass ring for 175 gold pieces
 46501 | Snake:4  | Entered Level 4 of the Snake Pit
 47351 | Snake:4  | HP: 6/143 [poisoned by a naga (splash of poison)]
 47355 | Snake:3  | HP: 2/143 [poisoned by a naga (splash of poison)]
 48192 | Snake:4  | Reached XP level 18. HP: 151/151 MP: 17/17
 48979 | Snake:4  | Identified the serpent talisman of Hoanaeh {Fly rF- rN++
                  | Dex+3}
 48979 | Snake:4  | Noticed Aizul
 48987 | Snake:4  | Killed Aizul
 51411 | Snake:4  | Reached skill level 10 in Dodging
 52180 | Snake:4  | HP: 9/226 [anaconda (8)]
 52181 | Snake:4  | HP: 2/226 [naga/+0 scimitar (7)]
 52182 | Snake:4  | Constricted to death by an anaconda

Illustrated notes

Levels and vault maps discovered:
D:1:      dpeg_arrival_three_same_balls, layout_basic, roderic_lattice_a
D:2:      layout_rooms, basic_altar, minmay_misc_feat_more_columns, uniq_robin
D:3:      layout_loops_ring, chequers_serial_rivers_room_a
D:4:      layout_gridville, serial_bayou_ford_a, grunt_tough_drop, uniq_ijyb
D:5:      layout_loops_ring, yredelemnul_forgotten_temple_becter,
          lemuel_coloured_pillars_altar, uniq_blork_the_orc
D:6:      layout_basic, nicolae_wu_jian_glorious_leap, gup_sewer_entry_bowl,
          minmay_shop_grid_forest, corexii_corridor_pit,
          minmay_manual_macuahuitl, uniq_duvessa
D:7:      layout_basic, mainiacjoe_overflow_catwalk_spiral,
          minmay_temple_entry_arrows, enter_bailey_4, serial_shops, shop,
          nicolae_the_louvre, uniq_maurice, uniq_maggie
D:8:      layout_basic, nicolae_qazlal_style_of_elements,
          kennysheep_generic_room_5, uniq_prince_ribbit1, uniq_jeremiah
D:9:      layout_irregular_city, orc_0_dummy
D:10:     layout_roguey, nicolae_uskayaw_murder_on_the_dancefloor,
          nicolae_overflow_two_pavilions, fiery_altar_vehumet, nicolae_evil_shop
D:11:     layout_grid_maze, grunt_lair_entry_orc_guard_hut, uniq_fannar
D:12:     layout_stronghold, mrwooster_statue_mirror, roderic_batcave,
          uniq_psyche
D:13:     wad_lake_hut, layout_gridville, david_vaults_5
D:14:     layout_rooms, uniq_roxanne, uniq_josephine, uniq_rupert
D:15:     hellmonk_depths_entry_around_the_bend, layout_gridville,
          nemelex_spade_bored_becter, minmay_misc_feat_columns,
          nrook_mini_backslash
Lair:1:   layout_regular_city, dreamdust_mushroom_princess,
          cheibrodos_lair_caveside_slide, serial_bayou_pond_d
Lair:2:   layout_loops_ring, mainiacjoe_swamp_entry_angry_trees,
          minmay_snake_entry_six_corridors
Lair:3:   layout_big_grid, chequers_serial_rivers_small_3, grunt_megastairs_4,
          infiniplex_staircase_pool
Lair:4:   layout_gridlike, minmay_slime_entry_oklob_enclosed, minmay_holes
Lair:5:   minmay_lair_end_enchanted_forest, layout_gridlike,
          portal_ice_cave_rime, lemuel_fruit_fields, grunt_megastairs_5
Snake:1:  layout_grid_shapes, grunt_ministairs_2, lemuel_oklob_altar
Snake:2:  layout_concentric_octagons, serial_bayou_shore_b, uniq_vashnia,
          uniq_asterion
Snake:3:  layout_misc_corridors, nicolae_triple_integral, minmay_shoptagon,
          uniq_mara, uniq_nikola
Snake:4:  grunt_snake_rune_serpentine_throne, layout_basic, uniq_aizul
Orc:1:    layout_caves, uniq_sonja
Orc:2:    st_orc_pillars, layout_diamond_mine

Skill      XL: |  1  2  3  4  5  6  7  8  9 10 11 12 13 14 15 16 17 18 |
---------------+-------------------------------------------------------+-----
Axes           | 4 5 6 8 10 12 13 15 17 18 19 20 | 20.5
Ranged Weapons | 1 2 3 4 6 7 8 10 11 13 14 16 17 | 17.6
Fighting       | 4 5 6 7 9 10 11 12 13 14 15 16 | 16.8
Throwing       | 1 2 |  2.7
Armour         | 5 9 10 12 14 15 16 18 | 18.6
Evocations     | 3 5 7 8 9 |  9.6
Dodging        | 4 6 8 9 10 | 10.1
Stealth        | 1 4 6 |  6.5

Action                     |  1- 3 |  4- 6 |  7- 9 | 10-12 | 13-15 | 16-18 || total
---------------------------+-------+-------+-------+-------+-------+-------++-------
  Melee: Hand axe          |    54 |    32 |       |       |       |       ||    86
         Headbutt          |     5 |    20 |    39 |    63 |   208 |   115 ||   450
         Punch             |     1 |     1 |       |       |       |       ||     2
         Trident           |       |   118 |    64 |     6 |       |       ||   188
         War axe           |       |       |    49 |       |       |       ||    49
         Battleaxe         |       |       |   156 |   276 |   908 |   451 ||  1791
         Quarterstaff      |       |       |       |       |     7 |    10 ||    17
         Dire flail        |       |       |       |       |     6 |       ||     6
         Executioner's axe |       |       |       |       |       |    12 ||    12
   Fire: Sling             |       |       |     7 |       |       |       ||     7
         Orcbow            |       |       |       |    20 |       |       ||    20
         Arbalest          |       |       |       |    72 |   409 |   373 ||   854
  Throw: Boomerang         |       |       |     9 |     4 |    25 |     6 ||    44
         Dart              |       |       |       |     3 |       |       ||     3
 Invoke: Berserk           |     1 |     3 |    11 |    11 |    19 |    14 ||    59
         Trog's Hand       |     1 |     2 |    10 |    13 |    34 |    25 ||    85
  Evoke: Wand              |       |       |    15 |    11 |    16 |     3 ||    45
         Condenser vane    |       |       |       |       |       |     1 ||     1
    Use: Scroll            |     1 |     4 |    10 |     5 |    15 |     9 ||    44
         Potion            |       |       |     3 |     1 |     7 |     9 ||    20
   Stab: Sleeping          |     1 |     1 |       |       |       |       ||     2
 Armour: Animal skin       |    41 |    45 |       |       |       |       ||    86
         Ring mail         |       |    27 |       |       |       |       ||    27
         Scale mail        |       |     4 |    69 |       |       |       ||    73
         Plate armour      |       |       |   175 |   326 |   898 |   648 ||  2047
  Dodge: Dodged            |    57 |    77 |   150 |   168 |   488 |   457 ||  1397
         Repelled          |       |       |       |     1 |    15 |    55 ||    71
  Block: Buckler           |       |    12 |    19 |       |       |       ||    31
